 Dungeon Crawl Stone Soup version 0.29.1-12-g30fa7ad0bf (webtiles) character file.

Game seed: 11326210667017913886

1702 FexLirch the Gusty (level 8, -7/57 HPs)
             Began as a Demigod Air Elementalist on Jan 11, 2023.
             Mangled by an orc warrior
             ... wielding a +0 war axe
              (18 damage)
             ... on level 7 of the Dungeon.
             The game lasted 00:11:24 (7591 turns).

FexLirch the Gusty (Demigod Air Elementalist)       Turns: 7591, Time: 00:11:25

Health: -7/57      AC:  2    Str:  9    XL:     8   Next: 45%
Magic:  6/20       EV: 12    Int: 25    God:
Gold:   364        SH:  0    Dex: 14    Spells: 8/18 levels left

rFire   . . .      SeeInvis .   y - +6 whip of Nonin {pain, *Rage Will+ rCorr Stlth+}
rCold   . . .      Faith    .   (no shield)
rNeg    . . .      Spirit   .   a - +0 robe
rPois   .          Reflect  .   (no helmet)
rElec   .          Harm     .   (no cloak)
rCorr   +          Rampage  .   (no gloves)
Will    +....      Rage     20% (no boots)
Stlth   +++.......              E - amulet of regeneration
HPRegen 0.99/turn               (no ring)
MPRegen 0.17/turn               (no ring)

@: no status effects
A: high MP 1, forlorn, divine attributes
a: no special abilities


You were on level 7 of the Dungeon.
You visited 1 branch of the dungeon, and saw 8 of its levels.

You collected 364 gold pieces.

Inventory:

Hand Weapons
 d - a +0 whip of pain
 w - a +2 short sword of speed
 y - the +6 whip of Nonin (weapon) {pain, *Rage Will+ rCorr Stlth+}
   (You found it on level 4 of the Dungeon)

   In the hands of one skilled in necromantic magic, it inflicts extra damage on
   living creatures.
   *Rage:     It berserks you when you make melee attacks (+20% chance).
   rCorr:     It protects you from acid and corrosion.
   Will:      It increases your willpower.
   Stlth:     It makes you more stealthy.
Armour
 a - a +0 robe (worn)
 x - a +2 ring mail of poison resistance
Jewellery
 e - an amulet of the acrobat
 C - the amulet "Vacwearo" {Faith rN+ Dex+3}
   (You found it on level 5 of the Dungeon)

   [amulet of faith]

   It allows you to gain divine favour quickly.
   Dex:       It affects your dexterity (+3).
   rN:        It protects you from negative energy.
 E - an amulet of regeneration (around neck)
Wands
 B - a wand of charming (7)
 I - a wand of roots (8)
Scrolls
 b - a scroll of fear {unknown}
 f - 2 scrolls of immolation
 g - 5 scrolls of teleportation
 h - a scroll of vulnerability {unknown}
 k - a scroll of amnesia {unknown}
 o - a scroll of enchant weapon {unknown}
 p - a scroll of torment {unknown}
 q - 3 scrolls of noise {unknown}
 u - 2 scrolls of fog {unknown}
 v - a scroll of silence {unknown}
 F - a scroll of poison {unknown}
 G - 3 scrolls of identify
 H - a scroll of magic mapping {unknown}
Potions
 c - 3 potions of lignification
 i - 2 potions of curing
 j - 3 potions of resistance
 l - 2 potions of heal wounds
 m - 2 potions of attraction
 n - 2 potions of brilliance
 r - 2 potions of invisibility {unknown}
 s - 4 potions of mutation
 t - 5 potions of haste {unknown}
 z - 2 potions of flight {unknown}
 A - a potion of ambrosia {unknown}
 D - 2 potions of degeneration {unknown}


   Skills:
 - Level 1.7 Dodging
 - Level 1.7 Stealth
 + Level 5.6 Spellcasting
 + Level 5.8 Conjurations
 + Level 6.5 Air Magic


You had 8 spell levels left.
You knew the following spells:

 Your Spells              Type           Power      Damage    Failure   Level
a - Shock                 Conj/Air       100%       1d9       1%          1
b - Static Discharge      Conj/Air       38%        3-8/arc   1%          2
c - Swiftness             Air            39%        N/A       1%          3
d - Airstrike             Air            19%        2d(3-19)  5%          4

Your spell library contained the following spells:

 Spells                   Type           Power      Damage    Failure   Level
 Poisonous Vapours        Pois/Air       46%        N/A       3%          2
 Dazzling Flash           Conj/Hex       42%        N/A       7%          3
 Sting                    Tmut/Pois      28%        1d4       8%          1
 Silence                  Hex/Air        11%        N/A       50%         5
 Anguish                  Hex/Necr       3%         N/A       61%         4
 Olgreb's Toxic Radiance  Pois           7%         N/A       61%         4
 Agony                    Necr           7%         N/A       91%         5
 Enfeeble                 Hex            3%         N/A       100%        7


Dungeon Overview and Level Annotations

Branches:
Dungeon (8/15)             Temple (0/1) D:7
   Lair: D:8-11

Shops:
D:4 =   D:5 *   D:7 *


Innate Abilities, Weirdness & Mutations

You have an increased reservoir of magic. (+10% MP)
You shall have no god before yourself.
Your divine heritage dramatically boosts your attributes as you level up.


Message History

Aim: an orc warrior, wielding a +0 war axe and wearing a +0 plate armour (wandering, hasn't noticed you, 74% to hit)
The zap hits the orc warrior.
The orc warrior is moderately wounded.
The orc warrior shouts!
You hear a shout! x2
Casting: Shock (safe; 1% risk of failure)
Confirm with . or Enter, or press ? or * to list all spells.
Aiming: Shock (safe; 1% risk of failure)
Press: ? - help, Shift-Dir - straight line, f/p - orc warrior
Aim: an orc warrior, wielding a +0 war axe and wearing a +0 plate armour (moderately wounded, 74% to hit)
The zap hits the orc warrior but does no damage.
The orc warrior is moderately wounded.
An orc warrior comes into view. It is wielding a +0 battleaxe.
Casting: Shock (safe; 1% risk of failure)
Confirm with . or Enter, or press ? or * to list all spells.
Aiming: Airstrike (dangerous; 5% risk of failure)
Press: ? - help, Dir - move target, f/p - orc warrior
Aim: an orc warrior, wielding a +0 war axe and wearing a +0 plate armour (moderately wounded, empty space bonus: 8/8)
You miscast Airstrike.
You are very lightly contaminated with residual magic.
Nothing appears to happen.
Casting: Airstrike (dangerous; 5% risk of failure)
Confirm with . or Enter, or press ? or * to list all spells.
Aiming: Airstrike (dangerous; 5% risk of failure)
Press: ? - help, Dir - move target, f/p - orc warrior
Aim: an orc warrior, wielding a +0 war axe and wearing a +0 plate armour (moderately wounded, empty space bonus: 8/8)
The air twists around and strikes the orc warrior but does no damage.
The orc warrior attacks as you move away!
The orc warrior barely misses you.
The orc warrior attacks as you move away!
The orc warrior hits you with a +0 war axe!
There is an open door here.
The orc warrior attacks as you move away!
The orc warrior hits you with a +0 war axe!
The orc warrior attacks as you move away!
The orc warrior hits you with a +0 war axe!!
* * * LOW HITPOINT WARNING * * *
Your magical contamination has completely faded away.
There is an escape hatch in the floor here.
The orc warrior hits you with a +0 war axe!!
You die...

#..#...#
#..##..#
####.######
##.....#
#...#.##
##..####
#..## ###..#
####..
#@..## .....
#o.##
...)###o#
..)#...#
#g)#...#
#).#..o#
#))##''#
'#.)....#
...........#


You could see 2 orc warriors and an orc.

Vanquished Creatures
  2 black bears (D:5)
  An orc warrior (D:6)
  An ogre (D:6)
  A bullfrog (D:7)
  2 necrophages
  3 scorpions
  A jelly (D:6)
  A howler monkey (D:4)
  6 orc priests
  5 hounds
  2 gnoll boudas (D:7)
  4 iguanas
  Terence (D:3)
  3 orc wizards
  Robin (D:4)
  9 gnolls
  10 adders
  A white imp (D:7)
  2 ufetubi
  A worm (D:2)
  2 dart slugs
  19 orcs
  7 ball pythons
  6 endoplasms
  3 giant cockroaches
  15 goblins
  2 hobgoblins
  4 jackals (D:1)
  3 quokkas
  4 bats
  2 frilled lizards
  8 kobolds
  5 rats
137 creatures vanquished.

Vanquished Creatures (others)
  2 plants
2 creatures vanquished.

Grand Total: 139 creatures vanquished

Notes
Turn   | Place    | Note
-------+----------+-------------------------------------------
     0 | D:1      | FexLirch the Demigod Air Elementalist began the quest for
                  | the Orb.
     0 | D:1      | Reached XP level 1. HP: 14/14 MP: 5/5
   109 | D:1      | Reached skill level 1 in Conjurations
   356 | D:1      | Reached XP level 2. HP: 20/20 MP: 4/7
   507 | D:1      | Reached skill level 3 in Air Magic
  1046 | D:2      | Reached XP level 3. HP: 16/26 MP: 1/9
  1749 | D:2      | Learned a level 2 spell: Static Discharge
  1753 | D:2      | Learned a level 3 spell: Swiftness
  1779 | D:3      | Noticed Terence
  1786 | D:3      | Killed Terence
  1838 | D:3      | Reached XP level 4. HP: 20/33 MP: 2/10
  2244 | D:3      | Reached XP level 5. HP: 38/38 MP: 10/12
  2249 | D:3      | Learned a level 4 spell: Airstrike
  2872 | D:4      | Identified the +6 whip of Nonin {pain, *Rage Will+ rCorr
                  | Stlth+}
  2952 | D:4      | Reached skill level 4 in Air Magic
  3082 | D:4      | Reached XP level 6. HP: 22/45 MP: 2/14
  3411 | D:4      | Found Jycvumal's Jewellery Emporium.
  3652 | D:4      | Noticed Robin
  3654 | D:4      | Killed Robin
  4165 | D:5      | Entered Level 5 of the Dungeon
  4271 | D:5      | Found Decugoid's Assorted Antiques.
  4694 | D:5      | Reached skill level 5 in Air Magic
  4694 | D:5      | Reached XP level 7. HP: 27/50 MP: 7/16
  5192 | D:5      | Identified the amulet "Vacwearo" {Faith rN+ Dex+3}
  5811 | D:6      | Reached skill level 5 in Conjurations
  5943 | D:6      | Reached skill level 5 in Spellcasting
  5958 | D:6      | Reached XP level 8. HP: 46/57 MP: 12/19
  6550 | D:7      | Reached skill level 6 in Air Magic
  6743 | D:7      | Found a staircase to the Ecumenical Temple.
  6950 | D:7      | Found Naivae Erghom's CLEARANCE SALE!.
  7591 | D:7      | Mangled by an orc warrior

Illustrated notes

Levels and vault maps discovered:
D:1:      dpeg_arrival_round_c, layout_basic,
          shapermc_ecumenical_altar_hornbeckon, minmay_misc_feat_cross,
          kennysheep_crisscross
D:2:      layout_basic
D:3:      layout_rooms, eino_tiny_chamber, uniq_terence
D:4:      cheibrodos_old_hovel, layout_loops_corners, serial_shops,
          nicolae_stop_n_shop_2, uniq_robin
D:5:      layout_loops_cross, kennysheep_small_spiral, grunt_decor_clamped,
          nicolae_stop_n_shop_1
D:6:      layout_basic, mainiacjoe_overflow_concentric_impassable
D:7:      kennysheep_seaside_town, layout_basic,
          chequers_temple_overflow_statue_of_worship, temple_pool_b,
          nicolae_shop_clearance
D:8:      layout_basic, minivault_11, minmay_misc_feat_secret_circle,
          chequers_serial_rivers_marsh, minmay_manual_monolith

Skill      XL: |  1  2  3  4  5  6  7  8 |
---------------+-------------------------+-----
Conjurations   | 1 2 3 4 5 |  5.8
Spellcasting   | 2 3 4 5 |  5.6
Air Magic      | 3 4 5 6 |  6.5
Dodging        | |  1.7
Stealth        | |  1.7

Action                   |  1- 3 |  4- 6 |  7- 9 || total
-------------------------+-------+-------+-------++-------
Melee: Whip              |     6 |     5 |     8 ||    19
 Cast: Shock             |    72 |    90 |    89 ||   251
       Static Discharge  |     2 |    26 |    18 ||    46
       Swiftness         |       |     1 |       ||     1
       Airstrike         |       |       |     2 ||     2
  Use: Scroll            |       |     6 |       ||     6
       Potion            |       |     3 |       ||     3
 Stab: Sleeping          |       |     1 |       ||     1
Armor: Robe              |     3 |     5 |     2 ||    10
       Skin              |       |     4 |       ||     4
Dodge: Dodged            |     6 |    18 |    18 ||    42
